 Dungeon Crawl Stone Soup version 0.24.0-13-gcf9b3192b9 (webtiles) character file.

Game seed: 13605569019104146533, levelgen mode: deterministic

315 Esekla the Charmwright (level 6, -1/35 HPs)
             Began as a Deep Elf Skald on Nov 6, 2019.
             Was a Follower of Ashenzari.
             Slain by an orc wizard
             ... wielding a +0 dagger
              (2 damage)
             ... on level 4 of the Dungeon.
             The game lasted 00:29:07 (5128 turns).

Esekla the Charmwright (Deep Elf Skald)             Turns: 5128, Time: 00:29:07

Health: -1/35      AC:  5    Str:  8    XL:     6   Next: 20%
Magic:  12/12      EV: 13    Int: 25    God:    Ashenzari [*.....]
Gold:   177        SH:  0    Dex: 16    Spells: 6/11 levels left

rFire    x . .     SeeInvis .   a - +1 falchion
rCold    + . .     Gourm    .   (no shield)
rNeg     . . .     Faith    .   b - +0 leather armour
rPois    .         Spirit   .   j - +1 helmet of the Guardian {Int+7} (curse)
rElec    .         Reflect  .   (no cloak)
rCorr    .         Harm     .   (no gloves)
MR       .....                  (no boots)
Stlth    +.........             (no amulet)
HPRegen  0.11/turn              c - ring of ice
MPRegen  0.13/turn              (no ring)

@: infused (expiring)
A: no striking features
a: Curse Item, Scrying, Renounce Religion


You were on level 4 of the Dungeon.
You worshipped Ashenzari.
Ashenzari was aware of your devotion.
You were near starving.

You visited 1 branch of the dungeon, and saw 4 of its levels.

You collected 177 gold pieces.

Inventory:

Hand Weapons
 a - a +1 falchion (weapon)
 n - a +0 dagger of venom
Missiles
 i - 7 boomerangs (quivered)
 l - 6 javelins
Armour
 b - a +0 leather armour (worn)
 j - the cursed +1 helmet of the Guardian (worn) {Int+7}
   (You took it off Robin on level 3 of the Dungeon)

   It affects your intelligence (+7).
   It has a curse placed upon it.
 o - a scarf of spirit shield
Jewellery
 c - a ring of ice (left hand)
Scrolls
 d - 2 scrolls of magic mapping {unknown}
 g - a scroll of fog {unknown}
 h - 3 scrolls of remove curse
 k - 2 scrolls of identify {unknown}
Potions
 f - a potion of flight
Comestibles
 m - 3 rations


   Skills:
 + Level 2.0 Fighting
 * Level 4.6 Long Blades
 + Level 2.0 Armour
 + Level 3.5 Dodging
 - Level 3.0 Spellcasting
 * Level 5.2 Charms
 + Level 0.5 Translocations


You had 6 spell levels left.
You knew the following spells:

 Your Spells              Type           Power        Failure   Level  Hunger
a - Infusion              Chrm           ####         1%          1    None
b - Shroud of Golubria    Chrm/Tloc      ###...       7%          2    ##.....
c - Song of Slaying       Chrm           ####....     2%          2    ##.....

Your spell library contained the following spells:

 Spells                   Type           Power        Failure   Level  Hunger
 Regeneration             Chrm/Necr      ###.......   14%         3    ###....
 Spectral Weapon          Hex/Chrm       ###.....     14%         3    ###....


Dungeon Overview and Level Annotations

Branches:
Dungeon (4/15)
 Temple: D:4-7

Altars:
Ashenzari
Gozag


Message History

You hear some strange, mumbled words.
A magic dart appears from out of thin air!
The magic dart hits you but does no damage.
You hit something. Something hits you.
* * * LOW HITPOINT WARNING * * *
Something hits you but does no damage.
You barely miss something. Something hits you.
* * * LOW HITPOINT WARNING * * *
You hit something.
Something hits you but does no damage. x2
It was a potion of magic.
Magic courses through your body. Something hits you but does no damage.
You hit something.
Your magical infusion is running out.
Something hits you but does no damage. Something hits you.
* * * LOW HITPOINT WARNING * * *
You barely miss something. Something hits you but does no damage.
Okay, then.
You miss something.
Something hits you but does no damage. x2
You closely miss something. Something hits you.
You die...

##### ###########...#
.......)......#####..
....#####............
.....# ##..#.########..≈
...o..##.......{@.....^#
...##......#.)#######.≈^
..# ..#..####.# ..
......# #.# .. ..##..#
#.# .# ..## #.# # . #.#
#.#


There were no monsters in sight!

Vanquished Creatures
  An ice beast (D:3)
  A scorpion (D:3)
  An orc wizard (D:3)
  Robin (D:3)
  4 adders
  3 worms
  2 dart slugs (D:1)
  2 leopard geckos
  13 orcs
  6 bats
  A giant cockroach (D:2)
  17 goblins
  5 hobgoblins
  11 kobolds
  2 quokkas
  3 ball pythons
  5 frilled lizards
  2 rats (D:3)
80 creatures vanquished.

Vanquished Creatures (others)
  A plant (D:1)
1 creature vanquished.

Grand Total: 81 creatures vanquished

Notes
Turn   | Place    | Note
-------+----------+-------------------------------------------
     0 | D:1      | Esekla the Deep Elf Skald began the quest for the Orb.
     0 | D:1      | Reached XP level 1. HP: 12/12 MP: 6/6
   317 | D:1      | Reached XP level 2. HP: 16/16 MP: 8/8
   581 | D:1      | Found a shattered altar of Ashenzari.
   605 | D:1      | Became a worshipper of Ashenzari the Shackled
  2169 | D:1      | Learned a level 2 spell: Shroud of Golubria
  2172 | D:1      | Learned a level 2 spell: Song of Slaying
  2307 | D:1      | Reached skill level 1 in Armour
  2307 | D:1      | Reached XP level 3. HP: 11/21 MP: 4/9
  2561 | D:2      | Found a faded altar of an unknown god.
  2653 | D:2      | Found an opulent altar of Gozag.
  2982 | D:2      | Reached XP level 4. HP: 26/26 MP: 10/10
  3020 | D:2      | Identified the +1 helmet of the Guardian {Int+7}
  3020 | D:2      | Noticed Robin
  3603 | D:3      | Killed Robin
  4418 | D:3      | Reached XP level 5. HP: 30/30 MP: 7/11
  4693 | D:3      | Reached * piety under Ashenzari
  4721 | D:3      | Noticed an ice beast
  4730 | D:3      | Killed an ice beast
  4730 | D:3      | Reached skill level 5 in Charms
  5064 | D:3      | Reached XP level 6. HP: 35/35 MP: 10/12
  5125 | D:4      | HP: 1/35 [something (4)]
  5128 | D:4      | Slain by an orc wizard

Levels and vault maps discovered:
D:1:      dpeg_arrival_orchard, layout_basic, serial_bayou_lagoon_a,
          ashenzari_altar_1
D:2:      layout_rooms, nicolae_gozag_cash_rules_everything_around_me,
          serial_bayou, serial_bayou_shore_b, serial_bayou_ford_a,
          serial_bayou_lake_a, serial_bayou_pond_e,
          chequers_ecumenical_altar_island, minmay_cut_off, uniq_robin
D:3:      layout_basic, first_ration, wad_orctagon
D:4:      layout_loops_ring, grunt_qazlal_sundering,
          minmay_temple_entry_nine_rooms, nicolae_ossuary_entry_catacombs,
          hangedman_decor_points

Skill      XL: |  1  2  3  4  5  6 |
---------------+-------------------+-----
Long Blades    | 2 3 4 |  4.6
Armour         | 1 2 |  2.0
Dodging        | 3 |  3.5
Charms         | 5 |  5.2
Fighting       | 2 |  2.0
Spellcasting   | |  3.0
Translocations | |  0.5

Action                   |  1- 3 |  4- 6 || total
-------------------------+-------+-------++-------
Melee: Falchion          |   141 |   161 ||   302
Throw: Boomerang         |       |     5 ||     5
 Cast: Infusion          |     1 |     6 ||     7
       Shroud of Golubri |     2 |     6 ||     8
       Song of Slaying   |       |     2 ||     2
Invok: Curse Item        |       |     1 ||     1
  Use: Potion            |     2 |     2 ||     4
       Scroll            |     2 |       ||     2
 Stab: Sleeping          |     1 |     1 ||     2
  Eat: Ration            |     1 |     2 ||     3
       Chunk             |     2 |       ||     2
Armor: Leather armour    |    36 |    42 ||    78
Dodge: Dodged            |   102 |   115 ||   217
       Rpst.: Falchion   |    31 |    28 ||    59
